 Dungeon Crawl Stone Soup version 0.23-a0-448-g1c01f63 (webtiles) character file.

82 Mugar the Cudgeler (level 4, 0/41 HPs)
             Began as a Minotaur Monk on Nov 21, 2018.
             Slain by a kobold
             ... wielding a +0 dagger
              (2 damage)
             ... on level 3 of the Dungeon.
             The game lasted 00:04:05 (1171 turns).

Mugar the Cudgeler (Minotaur Monk)                  Turns: 1171, Time: 00:04:05

Health: 0/41       AC:  5    Str: 16    XL:     4   Next: 21%
Magic:  3/3        EV: 12    Int:  7    God:
Gold:   12         SH:  0    Dex: 13    Spells: 3/3 levels left

rFire    . . .     SeeInvis .   a - +0 mace
rCold    . . .     Gourm    .   (no shield)
rNeg     . . .     Faith    .   e - +0 ring mail
rPois    .         Spirit   .   (helmet restricted)
rElec    .         Reflect  .   (no cloak)
rCorr    .         Harm     .   (no gloves)
MR       .....                  (no boots)
Stlth    +.........             (no amulet)
HPRegen  0.13/turn              (no ring)
MPRegen  0.08/turn              (no ring)

@: no status effects
A: retaliatory headbutt, horns 2
a: no special abilities


You were on level 3 of the Dungeon.
You were hungry.

You visited 1 branch of the dungeon, and saw 4 of its levels.

You collected 12 gold pieces.

Inventory:

Hand Weapons
 a - a +0 mace (weapon)
 g - a +1 dagger of venom
Armour
 e - a +0 ring mail (worn)
 f - a +0 shield
Scrolls
 h - 2 scrolls of identify
 j - 2 scrolls of enchant armour
Potions
 b - a potion of mutation {unknown}
 d - 2 potions of curing
 i - a potion of heal wounds
Comestibles
 c - 3 rations


   Skills:
 + Level 4.5 Fighting
 + Level 4.7 Maces & Flails
 + Level 0.2 Armour
 + Level 3.9 Dodging
 + Level 1.8 Stealth


You had 3 spell levels left.
You didn't know any spells.
Your spell library was empty.

Dungeon Overview and Level Annotations

Branches:
Dungeon (4/15)
 Temple: D:4-7

Altars:
Wu Jian


Innate Abilities, Weirdness & Mutations

You reflexively headbutt those who attack you in melee.
You have a pair of horns on your head.


Message History

The giant cockroach bites you but does no damage.
An orc comes into view. It is wielding a +0 morningstar.
You sock the centaur skeleton! You headbutt the centaur skeleton!
The centaur skeleton is heavily damaged.
The centaur skeleton hits you but does no damage.
The giant cockroach bites you.
* * * LOW HITPOINT WARNING * * *
The kobold hits you but does no damage.
You hit the centaur skeleton.
The centaur skeleton is almost destroyed.
The centaur skeleton hits you.
* * * LOW HITPOINT WARNING * * *
The giant cockroach bites you but does no damage.
The kobold closely misses you. The centaur skeleton barely misses you.
The giant cockroach bites you but does no damage.
You hit the centaur skeleton.
The centaur skeleton is almost destroyed.
The centaur skeleton hits you but does no damage.
The kobold hits you with a +0 dagger.
You die...

#.. #.#
#.####.#...............#
#.. #.# #.#
#....###############
#..##.# #.# #....#
...#.###.###....#
#.#............#
#...###.###....#
##..#....##....#
#.##..#....##...s####
#....>#....##..@ZK..#
#####.#....#####K...#
#.#....# ..o.# #.#.....
?...... ..# ....#.. ###
....#.. ....# #...#


You could see an orc, a giant cockroach, 2 kobolds and a centaur skeleton.

Vanquished Creatures
  A howler monkey (D:3)
  An adder (D:3)
  A worm (D:3)
  2 leopard geckos (D:3)
  An orc (D:3)
  6 goblins
  3 hobgoblins (D:1)
  A quokka (D:3)
  4 bats (D:1)
  5 frilled lizards
  4 kobolds
  A rat (D:1)
30 creatures vanquished.

Notes
Turn   | Place    | Note
-------+----------+-------------------------------------------
     0 | D:1      | Mugar the Minotaur Monk began the quest for the Orb.
     0 | D:1      | Reached XP level 1. HP: 19/19 MP: 0/0
   165 | D:1      | Reached XP level 2. HP: 21/27 MP: 1/1
   890 | D:3      | Reached XP level 3. HP: 27/33 MP: 2/2
   979 | D:3      | Found an ornate altar of the Wu Jian Council.
  1168 | D:3      | Reached XP level 4. HP: 10/41 MP: 3/3
  1170 | D:3      | HP: 1/41 [centaur skeleton (6)]
  1171 | D:3      | Slain by a kobold

Vault maps used:
D:1:      dpeg_arrival_long_road
D:2:      overflow_temple_1_default, first_ration, uniq_robin
D:3:      old_standard_altar, fedhas_altar_1, portal_sewer_entry_d

Skill      XL: |  1  2 |
---------------+-------+-----
Fighting       | 4 |  4.5
Maces & Flails | 4 |  4.7
Armour         | |  0.2
Dodging        | |  3.9
Stealth        | |  1.8

Action                   |  1- 3 |  4- 6 || total
-------------------------+-------+-------++-------
Melee: Mace              |    84 |     3 ||    87
       Headbutt          |    10 |     1 ||    11
  Use: Scroll            |     4 |       ||     4
       Potion            |     3 |       ||     3
Armor: Robe              |    13 |       ||    13
       Ring mail         |    13 |     7 ||    20
Dodge: Dodged            |    69 |     3 ||    72

Table legend:
 A = Non-vault XP
 B = Vault XP
 C = Vault XP percentage of total XP
 D = Non-vault monster count
 E = Vault monster count
 F = Vault count percentage of total count
                 A         B        C        D         E       F
            +---------+---------+-------+---------+---------+-------
      Total |     118 |       0 |   0.0 |      30 |       0 |   0.0
            +---------+---------+-------+---------+---------+-------
        D:1 |      29 |       0 |   0.0 |      19 |       0 |   0.0
        D:3 |      89 |       0 |   0.0 |      11 |       0 |   0.0
            +---------+---------+-------+---------+---------+-------
